PBL
AMERICUS BRAVES @ HOUSTON COLT .45'S
05/31/2046
 
TOP OF THE 1ST
Americus Braves batting - Pitching for Houston Colt .45's : LHP Manny Gonzales
Pitching: LHP Manny Gonzales
Batting: RHB Carlos Livas 0-0: Called Strike
0-1: Ball
1-1: Ball
2-1: Ball
3-1: Reached on error, E5 (Groundball, 56, EV 87.5 MPH)
Batting: RHB Chris Trites 0-0: Ball
1-0: Ball
2-0: TRIPLE (Flyball, 89XD, EV 88.8 MPH)
Carlos Livas scores
Batting: SHB Karl Starnes 0-0: Ball
1-0: SINGLE (Groundball, 6MD, EV 100.0 MPH)
Chris Trites scores
Batting: RHB Roberto Rios 0-0: Ball
Passed Ball!
Karl Starnes to second
1-0: Ball
2-0: Ball
Passed Ball!
Karl Starnes to third
3-0: Called Strike
3-1: Foul Ball, location: 2F
3-2: Strikes out swinging
Batting: RHB Costantino Dolfini 0-0: Swinging Strike
0-1: Ball
1-1: Swinging Strike
1-2: Reached on error, E6 (Groundball, 6, EV 81.9 MPH)
Karl Starnes scores
Batting: RHB Manny Hensley 0-0: Foul Ball, location: 2F
0-1: Ball
1-1: Ball
Wild Pitch!
Costantino Dolfini to second
2-1: Foul Ball, location: 2F
2-2: Ball
3-2: Foul Ball, location: 2F
3-2: SINGLE (Groundball, 56D, EV 97.5 MPH)
Costantino Dolfini to third
Batting: RHB Curtis Montgomery 0-0: Fly out, F8 (Flyball, 8RD, EV 99.4 MPH)
Runner from 3rd tags up, SCORES, throw by CF
Batting: RHB Danny Dimas 0-0: Called Strike
0-1: Called Strike
0-2: Strikes out swinging
Top of the 1st over - 4 runs, 3 hits, 2 errors, 1 left on base; Americus 4 - Houston 0
BOTTOM OF THE 1ST
Houston Colt .45's batting - Pitching for Americus Braves : LHP Jose Ruiz
Pitching: LHP Jose Ruiz
Batting: RHB Daniel Pena 0-0: SINGLE (Groundball, 6S, EV 70.0 MPH) (infield hit)
Batting: RHB Jorge Gutierrez 0-0: Ball
1-0: Swinging Strike
1-1: Swinging Strike
1-2: Strikes out looking
Batting: LHB Bruce Arvizu 0-0: Ball
Daniel Pena steals 2nd base
1-0: Ball
2-0: Called Strike
2-1: Ball
3-1: Called Strike
3-2: DOUBLE (Line Drive, 8RD, EV 110.6 MPH)
Daniel Pena scores
Batting: RHB Jarno van Lente 0-0: Ball
1-0: Ball
2-0: Ball
3-0: Called Strike
3-1: Foul Ball, location: 2F
3-2: Ground out 2-3 (Groundball, 15S, EV 64.4 MPH)
Bruce Arvizu to third
Batting: LHB Bob Govella 0-0: Swinging Strike
0-1: Called Strike
0-2: Ball
1-2: 2-RUN HOME RUN (Flyball, 7D, EV 100.6 MPH), Distance : 388 ft
Batting: SHB Terciero Ortiz 0-0: Ball
1-0: Ball
2-0: Called Strike
2-1: Foul Ball, location: 2F
2-2: Foul Ball, location: 2F
2-2: Fly out, F8 (Flyball, 8RM, EV 78.1 MPH)
Bottom of the 1st over - 3 runs, 3 hits, 0 errors, 0 left on base; Americus 4 - Houston 3
TOP OF THE 2ND
Americus Braves batting - Pitching for Houston Colt .45's : LHP Manny Gonzales
Batting: LHB Ivan Castillo 0-0: Ground out U3 (Groundball, 3L, EV 100.6 MPH)
Batting: RHB Carlos Livas 0-0: Swinging Strike
0-1: Ball
1-1: Foul Ball, location: 2F
1-2: Foul Ball, location: 2F
1-2: Strikes out looking
Batting: RHB Chris Trites 0-0: Ground out 5-3 (Groundball, 5, EV 98.8 MPH)
Top of the 2nd over - 0 runs, 0 hits, 0 errors, 0 left on base; Americus 4 - Houston 3
BOTTOM OF THE 2ND
Houston Colt .45's batting - Pitching for Americus Braves : LHP Jose Ruiz
Batting: RHB Jason Monico 0-0: Ball
1-0: Ball
2-0: Bunt for hit to P - play at first, batter OUT! 1-3
Batting: RHB John Moore 0-0: Called Strike
0-1: Ball
1-1: Ball
2-1: Ball
3-1: Ground out U3 (Groundball, 3S, EV 71.9 MPH)
Batting: LHB Ryan Fridley 0-0: Ball
1-0: Swinging Strike
1-1: Foul Ball, location: 2F
1-2: Foul Ball, location: 2F
1-2: Ball
2-2: Strikes out looking
Bottom of the 2nd over - 0 runs, 0 hits, 0 errors, 0 left on base; Americus 4 - Houston 3
TOP OF THE 3RD
Americus Braves batting - Pitching for Houston Colt .45's : LHP Manny Gonzales
Batting: SHB Karl Starnes 0-0: Called Strike
0-1: Called Strike
0-2: Foul Ball, location: 2F
0-2: Ball
1-2: Ball
2-2: Strikes out swinging
Batting: RHB Roberto Rios 0-0: Called Strike
0-1: Called Strike
0-2: Foul Ball, location: 2F
0-2: Ball
1-2: Ball
2-2: Strikes out swinging
Batting: RHB Costantino Dolfini 0-0: Fly out, F8 (Flyball, 89D, EV 102.5 MPH)
Top of the 3rd over - 0 runs, 0 hits, 0 errors, 0 left on base; Americus 4 - Houston 3
BOTTOM OF THE 3RD
Houston Colt .45's batting - Pitching for Americus Braves : LHP Jose Ruiz
Batting: RHB Daniel Pena 0-0: Called Strike
0-1: Ball
1-1: Foul Ball, location: 2F
1-2: Strikes out looking
Batting: RHB Jorge Gutierrez 0-0: Ball
1-0: Foul Ball, location: 2F
1-1: Called Strike
1-2: Ball
2-2: Foul Ball, location: 2F
2-2: Foul Ball, location: 2F
2-2: Foul Ball, location: 2F
2-2: Ball
3-2: Fly out, F7 (Line Drive, 7, EV 90.0 MPH)
Batting: LHB Bruce Arvizu 0-0: Called Strike
0-1: Ball
1-1: Called Strike
1-2: Ball
2-2: Ball
3-2: Base on Balls
Batting: RHB Jarno van Lente 0-0: Called Strike
Bruce Arvizu is caught stealing 2nd base 2-4
Bottom of the 3rd over - 0 runs, 0 hits, 0 errors, 0 left on base; Americus 4 - Houston 3
TOP OF THE 4TH
Americus Braves batting - Pitching for Houston Colt .45's : LHP Manny Gonzales
Batting: RHB Manny Hensley 0-0: Called Strike
0-1: Ball
1-1: Foul Ball, location: 2F
1-2: Foul Ball, location: 2F
1-2: Foul Ball, location: 2F
1-2: Ball
2-2: Foul Ball, location: 2F
2-2: Foul Ball, location: 2F
2-2: Ball
3-2: Base on Balls
Batting: RHB Curtis Montgomery 0-0: Fly out, F7 (Line Drive, 7, EV 90.0 MPH)
Batting: RHB Danny Dimas 0-0: Ball
1-0: Fly out, F9 (Line Drive, 9LS, EV 93.1 MPH)
Batting: LHB Ivan Castillo 0-0: Called Strike
0-1: Swinging Strike
0-2: Foul Ball, location: 2F
0-2: Ball
1-2: Foul Ball, location: 2F
1-2: Strikes out looking
Top of the 4th over - 0 runs, 0 hits, 0 errors, 1 left on base; Americus 4 - Houston 3
BOTTOM OF THE 4TH
Houston Colt .45's batting - Pitching for Americus Braves : LHP Jose Ruiz
Batting: RHB Jarno van Lente 0-0: Ball
1-0: Ball
2-0: Swinging Strike
2-1: Swinging Strike
2-2: Ball
3-2: Base on Balls
Batting: LHB Bob Govella 0-0: Reached on error, E4 (Groundball, 34, EV 82.5 MPH)
Jarno van Lente to second
Batting: SHB Terciero Ortiz 0-0: Ball
1-0: Foul Ball, location: 2F
1-1: Fly out, F8 (Flyball, 8RD, EV 80.0 MPH)
Batting: RHB Jason Monico 0-0: Foul Ball, location: 2F
0-1: Called Strike
0-2: Ball
1-2: Foul Ball, location: 2F
1-2: Strikes out swinging
Batting: RHB John Moore 0-0: Called Strike
0-1: Foul Ball, location: 2F
0-2: SINGLE (Groundball, 6MS, EV 68.1 MPH) (infield hit)
Jarno van Lente to third
Bob Govella to second
Batting: LHB Ryan Fridley 0-0: Ball
1-0: Called Strike
1-1: Called Strike
1-2: Ball
2-2: Ball
3-2: Foul Ball, location: 2F
3-2: Strikes out swinging
Bottom of the 4th over - 0 runs, 1 hit, 1 error, 3 left on base; Americus 4 - Houston 3
TOP OF THE 5TH
Americus Braves batting - Pitching for Houston Colt .45's : LHP Manny Gonzales
Batting: RHB Carlos Livas 0-0: Ball
1-0: Called Strike
1-1: Fly out, F7 (Flyball, 78M, EV 93.1 MPH)
Batting: RHB Chris Trites 0-0: Ball
1-0: Ball
2-0: Ball
3-0: Called Strike
3-1: Base on Balls
Batting: SHB Karl Starnes 0-0: Fly out, F7 (Flyball, 7, EV 89.4 MPH)
Batting: RHB Roberto Rios 0-0: Called Strike
0-1: Called Strike
0-2: Strikes out swinging
Top of the 5th over - 0 runs, 0 hits, 0 errors, 1 left on base; Americus 4 - Houston 3
BOTTOM OF THE 5TH
Houston Colt .45's batting - Pitching for Americus Braves : LHP Jose Ruiz
Batting: RHB Daniel Pena 0-0: Ball
1-0: Fly out, F7 (Flyball, 7, EV 86.2 MPH)
Batting: RHB Jorge Gutierrez 0-0: Called Strike
0-1: Foul Ball, location: 2F
0-2: SINGLE (Groundball, 34D, EV 103.1 MPH)
Batting: LHB Bruce Arvizu 0-0: Ball
1-0: Called Strike
1-1: Foul Ball, location: 2F
1-2: Strikes out swinging
Batting: RHB Jarno van Lente 0-0: Ball
1-0: Called Strike
1-1: Fly out, F8 (Line Drive, 8RS, EV 87.5 MPH)
Bottom of the 5th over - 0 runs, 1 hit, 0 errors, 1 left on base; Americus 4 - Houston 3
TOP OF THE 6TH
Americus Braves batting - Pitching for Houston Colt .45's : LHP Manny Gonzales
Batting: RHB Costantino Dolfini 0-0: Ball
1-0: Ball
2-0: Ball
3-0: Called Strike
3-1: Base on Balls
Batting: RHB Manny Hensley 0-0: Foul Ball, location: 2F
0-1: Swinging Strike
0-2: Strikes out swinging
Batting: RHB Curtis Montgomery 0-0: Ball
1-0: Foul Ball, location: 2F
1-1: Ball
2-1: Foul Ball, location: 2F
2-2: Foul Ball, location: 2F
2-2: Foul Ball, location: 2F
2-2: Foul Ball, location: 2F
2-2: Strikes out looking
Batting: RHB Danny Dimas 0-0: Called Strike
0-1: Called Strike
0-2: Ball
1-2: Foul Ball, location: 2F
1-2: Ground out 4-3 (Groundball, 4, EV 90.0 MPH)
Top of the 6th over - 0 runs, 0 hits, 0 errors, 1 left on base; Americus 4 - Houston 3
BOTTOM OF THE 6TH
Houston Colt .45's batting - Pitching for Americus Braves : LHP Jose Ruiz
Batting: LHB Bob Govella 0-0: Fly out, F7 (Line Drive, 78M, EV 88.8 MPH)
Batting: SHB Terciero Ortiz 0-0: Ball
1-0: Foul Ball, location: 2F
1-1: Swinging Strike
1-2: Foul Ball, location: 2F
1-2: Ball
2-2: Strikes out looking
Batting: RHB Jason Monico 0-0: Called Strike
0-1: Ground out 6-3 (Groundball, 56, EV 98.8 MPH)
Bottom of the 6th over - 0 runs, 0 hits, 0 errors, 0 left on base; Americus 4 - Houston 3
TOP OF THE 7TH
Americus Braves batting - Pitching for Houston Colt .45's : LHP Manny Gonzales
Batting: LHB Ivan Castillo 0-0: Ball
1-0: Called Strike
1-1: Called Strike
1-2: Foul Ball, location: 2F
1-2: Foul Ball, location: 2F
1-2: Strikes out swinging
Pitching: RHP Tony Barrios
Batting: RHB Carlos Livas 0-0: Fly out, F8 (Flyball, 8RM, EV 78.8 MPH)
Batting: RHB Chris Trites 0-0: Ball
1-0: Ball
2-0: Swinging Strike
2-1: Called Strike
2-2: Strikes out swinging
Top of the 7th over - 0 runs, 0 hits, 0 errors, 0 left on base; Americus 4 - Houston 3
BOTTOM OF THE 7TH
Houston Colt .45's batting - Pitching for Americus Braves : LHP Jose Ruiz
Pitching: RHP Javy Hernandez
Batting: RHB John Moore 0-0: Swinging Strike
0-1: Called Strike
0-2: Strikes out swinging
Batting: LHB Ryan Fridley 0-0: Ball
1-0: SINGLE (Groundball, 3D, EV 95.6 MPH)
Batting: RHB Daniel Pena 0-0: Called Strike
0-1: Ball
Passed Ball!
Ryan Fridley to second
1-1: Called Strike
1-2: Ball
2-2: Foul Ball, location: 2F
2-2: Ground out U3 (Groundball, 34, EV 105.0 MPH)
Ryan Fridley to third
Batting: RHB Jorge Gutierrez 0-0: Ball
1-0: Ball
2-0: Called Strike
2-1: Called Strike
2-2: Fly out, F4 (Line Drive, 4, EV 64.4 MPH)
Bottom of the 7th over - 0 runs, 1 hit, 0 errors, 1 left on base; Americus 4 - Houston 3
TOP OF THE 8TH
Americus Braves batting - Pitching for Houston Colt .45's : RHP Tony Barrios
Batting: SHB Karl Starnes 0-0: Called Strike
0-1: Foul Ball, location: 2F
0-2: SINGLE (Line Drive, 78M, EV 103.1 MPH)
Batting: RHB Roberto Rios 0-0: Ball
1-0: Called Strike
1-1: Ball
2-1: Fly out, F8 (Flyball, 8RD, EV 78.1 MPH)
Batting: RHB Costantino Dolfini 0-0: Ball
1-0: Ball
2-0: Ball
3-0: Base on Balls
Karl Starnes to second
Batting: RHB Manny Hensley 0-0: Ball
1-0: Grounds into double play, 3-6-3 (Groundball, 34, EV 99.4 MPH)
Top of the 8th over - 0 runs, 1 hit, 0 errors, 1 left on base; Americus 4 - Houston 3
BOTTOM OF THE 8TH
Houston Colt .45's batting - Pitching for Americus Braves : RHP Javy Hernandez
Pitching: LHP Mohala Kileona
Batting: LHB Bruce Arvizu 0-0: Ball
1-0: Foul Ball, location: 2F
1-1: Called Strike
1-2: Ball
2-2: Strikes out swinging
Pitching: RHP Kareem Linz
Batting: RHB Jarno van Lente 0-0: Called Strike
0-1: Ground out 6-3 (Groundball, 56, EV 86.2 MPH)
Batting: LHB Bob Govella 0-0: Ball
1-0: Ground out 4-3 (Groundball, 4, EV 99.4 MPH)
Bottom of the 8th over - 0 runs, 0 hits, 0 errors, 0 left on base; Americus 4 - Houston 3
TOP OF THE 9TH
Americus Braves batting - Pitching for Houston Colt .45's : RHP Tony Barrios
Pitching: LHP Frank Vazquez
Batting: RHB Curtis Montgomery 0-0: Foul Ball, location: 2F
0-1: Ball
1-1: SOLO HOME RUN (Flyball, 7D, EV 96.9 MPH), Distance : 367 ft
Batting: RHB Danny Dimas 0-0: Swinging Strike
0-1: Foul Ball, location: 2F
0-2: Foul Ball, location: 2F
0-2: Strikes out swinging
Pinch Hitting: RHB Alex Campos 0-0: Called Strike
0-1: Swinging Strike
0-2: Strikes out looking
Batting: RHB Carlos Livas 0-0: Fly out, F8 (Flyball, 8RM, EV 85.0 MPH)
Top of the 9th over - 1 run, 1 hit, 0 errors, 0 left on base; Americus 5 - Houston 3
BOTTOM OF THE 9TH
Houston Colt .45's batting - Pitching for Americus Braves : RHP Kareem Linz
Now at SS: Paul Holland
Batting: SHB Terciero Ortiz 0-0: Called Strike
0-1: Ball
1-1: Fly out, F9 (Line Drive, 89M, EV 90.0 MPH)
Batting: RHB Jason Monico 0-0: SOLO HOME RUN (Flyball, 8LXD, EV 111.9 MPH), Distance : 448 ft
Batting: RHB John Moore 0-0: Ball
1-0: Fly out, F9 (Flyball, 89M, EV 84.4 MPH)
Batting: LHB Ryan Fridley 0-0: Foul Ball, location: 2F
0-1: Fly out, F7 (Flyball, 7D, EV 101.2 MPH)
Bottom of the 9th over - 1 run, 1 hit, 0 errors, 0 left on base; Americus 5 - Houston 4
Tuesday, September 13th , 2022 - OOTP Baseball 23.7 Build 88